 Dungeon Crawl Stone Soup version 0.29-a0-563-g64e4043184 (webtiles) character file.

Game seed: 2602537318667745626

247926 BurnDown the Sorcerer (level 20, -7/139 HPs)
             Began as a Djinni Fire Elementalist on June 10, 2022.
             Was the Champion of Makhleb.
             Killed by a resonance strike
             ... invoked by Zenata
              (20 damage)
             ... on level 1 of the Vaults on June 12, 2022.
             The game lasted 03:29:21 (33915 turns).

BurnDown the Sorcerer (Djinni Fire Elementalist)   Turns: 33915, Time: 03:29:22

Health: -7/139     AC: 19    Str:  9    XL:     20   Next: 34%
Gold:   435        EV: 16    Int: 32    God:    Makhleb [******] SH: 10 Dex: 18

rFire   + + +      SeeInvis .   Y - staff of fire
rCold   . . .      Faith    .   g - +3 warlock's mirror {reflect}
rNeg    . . .      Spirit   .   P - +3 ring mail {rC+}
rPois   ∞          Reflect  +   f - +0 helmet
rElec   .          Harm     .   B - +0 cloak of Miracles {Str+2 Dex+4}
rCorr   .          Rampage  .   b - +1 pair of gloves
Will    ++...                   (boots unavailable)
Stlth   ++........              R - amulet of regeneration
HPRegen 1.13/turn               A - +4 ring of protection
MPRegen 0.00/turn               D - +6 ring of intelligence

@: forested, flying
A: sickness immunity, fire resistance 2, cold vulnerability 1, float, innate
caster, HP casting, extra vitality 1
}: 2/15 runes: decaying, serpentine
a: Renounce Religion, Minor Destruction, Lesser Servant of Makhleb, Major
Destruction, Greater Servant of Makhleb


You were on level 1 of the Vaults.
You worshipped Makhleb.
Makhleb was exalted by your worship.
You visited 6 branches of the dungeon, and saw 32 of its levels.
You also visited: Bailey and Ice Cave.

You collected 3771 gold pieces.
You spent 3336 gold pieces at shops.

Inventory:

Hand Weapons
 a - the +8 mithril axe "Arga" {speed, Will+}
   (You found it on level 6 of the Lair of Beasts)

   Attacks with this weapon are significantly faster.
   Will:      It increases your willpower.
 l - the +9 hand crossbow "Doasuhar" {venom, rElec}
   (You bought it in a shop on level 2 of the Orcish Mines)

   Any ammunition fired from it poisons the flesh of those it strikes.
   rElec:     It insulates you from electricity.
Armour
 b - a +1 pair of gloves (worn)
 f - a +0 helmet (worn)
 g - the +3 warlock's mirror (worn) {reflect}
   (You bought it in a shop on level 2 of the Dungeon)

   It can block and reflect piercing ranged attacks and magical attacks against
   the wielder's willpower.
 B - the +0 cloak of Miracles (worn) {Str+2 Dex+4}
   (You found it on level 10 of the Dungeon)

   Str:       It affects your strength (+2).
   Dex:       It affects your dexterity (+4).
 P - a +3 ring mail of cold resistance (worn)
Magical Staves
 G - a staff of cold
 Y - a staff of fire (weapon)
Jewellery
 A - a +4 ring of protection (left hand)
 D - a +6 ring of intelligence (right hand)
 R - an amulet of regeneration (around neck)
 V - the ring "Bufuv" {rN++ Slay-6 SInv}
   (You acquired it on level 2 of the Snake Pit)

   [ring of see invisible]

   Slay:      It affects your accuracy & damage with ranged weapons and melee
   (-6).
   rN:        It greatly protects you from negative energy.
   SInv:      It lets you see invisible.
 W - the ring "Zoppe" {rElec rC+ Will- rCorr SInv}
   (You found it in an ice cave)

   [ring of protection from cold]

   rC:        It protects you from cold.
   rElec:     It insulates you from electricity.
   SInv:      It lets you see invisible.
   rCorr:     It protects you from acid and corrosion.
   Will:      It decreases your willpower.
Wands
 v - a wand of acid (6)
 y - a wand of mindburst (13)
 H - a wand of iceblast (10)
 M - a wand of digging (7)
 T - a wand of flame (34)
Scrolls
 d - 4 scrolls of poison
 e - 10 scrolls of fog
 i - 4 scrolls of immolation
 o - 3 scrolls of silence
 q - 19 scrolls of teleportation
 t - 3 scrolls of blinking
 w - 6 scrolls of fear
 x - 3 scrolls of magic mapping
Potions
 h - 8 potions of haste
 j - 4 potions of attraction
 m - 17 potions of curing
 n - 14 potions of lignification
 p - 4 potions of mutation
 u - 2 potions of invisibility
 z - a potion of ambrosia
 E - 6 potions of brilliance
 I - 4 potions of heal wounds
 N - 6 potions of might
 O - 5 potions of resistance
 Q - 4 potions of cancellation


   Skills:
 * Level 11.1 Fighting
 + Level 1.2 Short Blades
 * Level 2.1(2.2) Axes
 + Level 1.1(1.8) Maces & Flails
 + Level 0.4(0.9) Staves
 * Level 10.5 Armour
 * Level 12.5 Dodging
 + Level 3.9 Stealth
 * Level 9.1 Shields
 * Level 21.4 Spellcasting
 + Level 0.6 Evocations


You had 10 spell levels left.
You knew the following spells:

 Your Spells              Type           Power      Damage    Failure   Level
a - Foxfire               Conj/Fire      100%       2x1d9     0%          1
b - Scorch                Fire           100%       2d10      0%          2
c - Conjure Flame         Conj/Fire      100%       6-21      0%          3
d - Inner Flame           Hex/Fire       100%       N/A       0%          3
e - Flame Wave            Conj/Fire      100%       2d17      0%          4
f - Beastly Appendage     Tmut           100%       N/A       0%          1
g - Static Discharge      Conj/Air       100%       N/A       0%          2
h - Call Imp              Summ           100%       N/A       0%          2
i - Olgreb's Toxic Radia  Pois           100%       N/A       0%          4
j - Yara's Violent Unrav  Hex/Tmut       53%        3d20      0%          5
k - Summon Forest         Summ/Tloc      53%        N/A       0%          5
l - Death Channel         Necr           53%        N/A       1%          6
m - Summon Cactus Giant   Summ           53%        N/A       1%          6
n - Malign Gateway        Summ/Tloc      53%        N/A       1%          7
Your spell library was empty.

Dungeon Overview and Level Annotations

Branches:
Dungeon (15/15)            Temple (0/1) D:6            Lair (6/6) D:10
  Swamp (4/4) Lair:4        Snake (4/4) Lair:4        Slime (0/5) Lair:5
    Orc (2/2) D:9             Elf (0/3) Orc:2        Vaults (1/5) D:14
 Depths (0/4) D:15         Bailey (visited)           IceCv (visited)

Altars:
Ashenzari
Dithmenos
Elyvilon
Fedhas
Gozag
Makhleb
Okawaru
Ru
Uskayaw
Vehumet
Xom
Zin
Jiyva

Shops:
D:1 !   D:2 [((*   D:3 !   D:12 ?   D:14 [?   D:15 [   Orc:1 (   Orc:2 (([[
Snake:3 ?[

Annotations:
Vaults:1 Zenata


Innate Abilities, Weirdness & Mutations

You are immune to sickness and miasma.
You are immune to poison.
Your flesh is very heat resistant. (rF++)
You are vulnerable to cold. (rC-)
You float through the air rather than walking.
You learn spells naturally, not from books.
Your magical power is your life essence.
You have superior vitality. (+4 MHP)


Message History

The floor.
Casting: Inner Flame (safe; 0% risk of failure)
Confirm with . or Enter, or press ? or * to list all spells.
A forested plane collides here with a resounding crunch!
Your dryad calls out to the forest.
The forest starts to sway and rumble!
Casting: Summon Forest (safe; 0% risk of failure)
Confirm with . or Enter, or press ? or * to list all spells.
You feel a surge of power!
Flames lash the deep troll.
Flame seeps out of the deep troll.
The deep troll is lightly wounded.
The deep troll's fire resistance burns away.
A tree reaches out and hits the deep troll!
Flame seeps out of the deep troll.
A tree reaches out and hits Zenata!
Zenata casts a spell at you.
A blast of power from the earth strikes you!
The deep troll is engulfed in blazing flames.
Flame seeps out of the deep troll.
You block the deep troll's attack. x2
The deep troll claws you.
Casting: Scorch (safe; 0% risk of failure)
Confirm with . or Enter, or press ? or * to list all spells.
You feel a surge of power!
Flames lash the deep troll.
The deep troll is burned terribly!
Flame seeps out of the deep troll.
The deep troll is almost dead.
Trunks creak and shift.
A tree reaches out and hits the deep troll!
Makhleb accepts your kill.
A root lunges up near Zenata.
The deep troll explodes!
The fiery explosion engulfs you. You resist.
Zenata gestures at you while chanting.
A blast of power from the earth strikes you!
* * * LOW HITPOINT WARNING * * *
Zenata is hit by a branch!
Zenata casts a spell at you.
A blast of power from the earth strikes you!
* * * LOW HITPOINT WARNING * * *
Zenata gestures at you while chanting.
A blast of power from the earth strikes you!
You die...

♣♣##♣♣♣♣
#)○....♣
♣§○.♣..#
♣...♣..#
♣..≈≈≈♣♣
♣.≈≈≈..♣
♣≈.≈@.R♣
#≈≈≈≈§.♣#######
#.≈≈≈≈§§a.....#
♣..≈≈♣.♣..#.♣..
♣♣♣♣+♣♣♣.♣..♣
.T .♣ .## .. ..
.# #. .


You could see Zenata (ally target) and a friendly dryad (summoned).

Vanquished Creatures
  the Lernaean hydra (Swamp:4)
  3 nagarajas
  An azure jelly (IceCv)
  Aizul (Swamp:2)
  An ironbound preserver (Vaults:1)
  4 quicksilver oozes (IceCv)
  An ironbound thunderhulk (Vaults:1)
  6 eleionomae
  A bunyip (Swamp:4)
  2 ettins (D:15)
  A shambling mangrove (Swamp:2)
  A fire dragon (D:15)
  Erolcha (D:9)
  Harold (D:11)
  8 vault guards (D:14)
  10 anacondas
  2 boulder beetles
  2 catoblepae
  A ghost crab (Swamp:3)
  2 centaur warriors
  17 two-headed ogres
  31 hydras
  3 ogre magi
  5 tengu warriors
  8 naga warriors
  11 alligators
  13 death yaks
  A vampire mage (D:15)
  A deep troll shaman (Lair:6)
  6 orc high priests (Orc:2)
  15 naga sharpshooters
  2 spriggan berserkers
  3 shock serpents
  The ghost of zeratav the Spear-Bearer, a novice MfFi (D:6)
  2 salamander mystics
  2 deep trolls (Vaults:1)
  3 goliath frogs
  A skeletal warrior (D:15)
  11 swamp dragons
  7 bog bodies
  Pikel (D:6)
  A death drake (Swamp:4)
  6 naga ritualists
  5 orc knights (Orc:2)
  A sphinx zombie (D:15)
  6 ugly things
  10 mana vipers
  An orc sorcerer (Orc:1)
  4 manticores
  A will-o-the-wisp (Swamp:1)
  7 cyclopes
  7 salamanders
  A fire giant skeleton (D:15)
  18 elephants
  27 black mambas
  5 guardian serpents
  A torpor snail (Lair:5)
  Joseph (D:7)
  13 naga magi
  4 gargoyles
  11 cane toads
  A rime drake (Lair:5)
  An efreet (D:14)
  3 freezing wraiths (Snake:3)
  A kobold demonologist (D:13)
  11 komodo dragons
  An unseen horror (D:11)
  3 very ugly thing simulacra (IceCv)
  A tengu conjurer (D:14)
  7 trolls
  4 polar bears
  7 hornets
  4 tyrant leeches
  19 slime creatures
  7 dream sheep (Lair:5)
  8 blink frogs (Lair:6)
  Sigmund (D:2)
  6 spriggans
  A vampire (Bailey)
  2 wyverns
  2 water elementals (D:14)
  44 yaks
  A shadow (D:11)
  3 wraiths
  Eustachio (D:4)
  8 basilisks
  A golden eye (shapeshifter) (D:14)
  A steam dragon (D:9)
  13 vampire mosquitoes
  Edmund (D:5)
  35 nagas
  3 wargs
  3 acid dragons
  20 swamp worms
  17 water moccasins
  A demonic crawler simulacrum (IceCv)
  31 orc warriors
  7 swamp drakes
  4 black bears
  6 ugly thing simulacra (IceCv)
  2 ice beasts
  A sky beast (D:6)
  11 ogres
  18 wolves
  8 centaurs
  3 lemures (D:6)
  2 kobold brigands
  17 bullfrogs
  2 gnoll sergeants (D:10)
  4 scorpions
  16 killer bees
  8 vampire bats (Bailey)
  6 electric eels
  4 howler monkeys
  5 wolf zombies (Bailey)
  4 hounds
  19 orc priests
  A gnoll shaman (D:4)
  5 iguanas
  Ijyb (D:3)
  14 orc wizards
  12 hell rats
  A statue (D:11)
  Robin (D:2)
  22 gnolls
  8 adders
  18 orc zombies (Bailey)
  2 white imps
  A worm (D:2)
  A dart slug (D:1)
  77 orcs
  5 bats
  5 endoplasms
  7 giant cockroaches
  20 goblins
  6 hobgoblins
  6 jackals (D:1)
  14 kobolds
  5 quokkas
  6 ball pythons
  10 frilled lizards
  8 rats
  3 bushes
  A butterfly (Lair:6)
  A foxfire (Snake:2)
1005 creatures vanquished.

Vanquished Creatures (collateral kills)
  A Brimstone Fiend (Snake:3)
  6 nagarajas (Snake:4)
  2 azure jellies (IceCv)
  A rockslime (IceCv)
  2 salamander tyrants (Snake:4)
  A hydra (Lair:6)
  A centaur warrior (D:15)
  5 naga warriors (Snake:4)
  An anaconda (Snake:4)
  An alligator (Swamp:4)
  A death yak (Lair:6)
  A shock serpent (Snake:4)
  5 naga sharpshooters (Snake:4)
  A skeletal warrior (D:15)
  5 salamander mystics (Snake:4)
  A spriggan druid (Swamp:4)
  A deep troll (Vaults:1)
  A bog body (Swamp:4)
  3 orange crystal statues (IceCv)
  2 orc knights
  A necromancer (D:15)
  3 mana vipers (Snake:4)
  2 naga ritualists (Snake:4)
  10 salamanders
  5 naga magi (Snake:4)
  4 guardian serpents (Snake:4)
  6 black mambas
  An efreet (D:13)
  A very ugly thing simulacrum (IceCv)
  2 entropy weaver simulacra (IceCv)
  A hornet (Swamp:4)
  5 slime creatures (IceCv)
  2 spriggans (Swamp:4)
  A tengu zombie (D:15)
  11 nagas
  A demonic crawler simulacrum (IceCv)
  2 orc warriors
  A human skeleton (D:15)
  An ugly thing simulacrum (IceCv)
  An orc priest (D:15)
  A gnoll (D:4)
  An ufetubus (D:4)
  2 orcs (D:15)
  15 foxfires
122 creatures vanquished.

Vanquished Creatures (others)
  2 eldritch tentacles
  An alligator (Swamp:3)
  A bloated husk (Swamp:2)
  2 nagas
  1763 foxfires
  43 fungi
  68 plants
  5 snaplasher vines
  2 withered plants (D:15)
1887 creatures vanquished.

Grand Total: 3014 creatures vanquished

Notes
Turn   | Place    | Note
-------+----------+-------------------------------------------
     0 | D:1      | BurnDown the Djinni Fire Elementalist began the quest for
                  | the Orb.
     0 | D:1      | Reached XP level 1. HP: 15/15 MP: 0/0
   199 | D:1      | Reached XP level 2. HP: 12/21 MP: 0/0
   483 | D:1      | Found a faded altar of an unknown god.
   660 | D:1      | Found Kete Toa's Distillery.
   766 | D:1      | Bought a potion of degeneration for 11 gold pieces
   784 | D:1      | Reached XP level 3. HP: 23/25 MP: 0/0
   784 | D:1      | Learned a level 1 spell: Beastly Appendage
   916 | D:1      | Reached skill level 3 in Spellcasting
  1664 | D:2      | Found Gabit's Assorted Antiques.
  1721 | D:2      | Found Xoirill's Weapon Shop.
  1778 | D:2      | Reached XP level 4. HP: 26/31 MP: 0/0
  1864 | D:2      | Found Liuguvyr's Weapon Shoppe.
  1865 | D:2      | Noticed Sigmund
  1874 | D:2      | Killed Sigmund
  1875 | D:2      | Reached skill level 1 in Fighting
  1875 | D:2      | Reached skill level 4 in Spellcasting
  1875 | D:2      | Reached XP level 5. HP: 16/37 MP: 0/0
  1875 | D:2      | Learned a level 2 spell: Static Discharge
  1875 | D:2      | Reached XP level 6. HP: 18/42 MP: 0/0
  2075 | D:2      | Found Beol's Antique Armour Shoppe.
  2368 | D:2      | Noticed Robin
  2376 | D:2      | Killed Robin
  2866 | D:3      | Found a shadowy altar of Dithmenos.
  3008 | D:3      | Found a sacrificial altar of Ru.
  3116 | D:3      | Found Diliraycw's Distillery.
  3118 | D:3      | Found a burning altar of Makhleb.
  3218 | D:2      | Bought a scorched lead ring for 135 gold pieces
  3218 | D:2      | Identified the ring "Cauc" {Fire +Blink rCorr} (You bought
                  | it in a shop on level 2 of the Dungeon)
  3265 | D:3      | Became a worshipper of Makhleb the Destroyer
  3301 | D:3      | Noticed Ijyb
  3345 | D:3      | Killed Ijyb
  3883 | D:4      | Noticed Eustachio
  3891 | D:4      | Killed Eustachio
  3892 | D:4      | Reached skill level 5 in Spellcasting
  3892 | D:4      | Reached XP level 7. HP: 38/47 MP: 0/0
  3892 | D:4      | Learned a level 2 spell: Call Imp
  4311 | D:4      | Found an iron altar of Okawaru.
  4348 | D:4      | Reached XP level 8. HP: 51/54 MP: 0/0
  4602 | D:4      | Reached skill level 6 in Spellcasting
  5074 | D:5      | Entered Level 5 of the Dungeon
  5078 | D:5      | Reached skill level 1 in Armour
  5094 | D:5      | Noticed Edmund
  5116 | D:5      | HP: 3/81 [Edmund/+2 vorpal flail (4)]
  5117 | D:5      | Killed Edmund
  6271 | D:6      | Reached skill level 7 in Spellcasting
  6276 | D:6      | Reached * piety under Makhleb
  6298 | D:6      | Found a staircase to the Ecumenical Temple.
  6372 | D:6      | Noticed Pikel
  6390 | D:6      | Killed Pikel
  6391 | D:6      | Reached XP level 9. HP: 30/60 MP: 0/0
  6391 | D:6      | Learned a level 4 spell: Olgreb's Toxic Radiance
  6553 | D:6      | Found a white marble altar of Elyvilon.
  6934 | D:6      | Found a runed translucent door.
  6937 | D:6      | Noticed zeratav's ghost (novice MfFi)
  6948 | D:6      | Killed zeratav's ghost
  6949 | D:6      | Reached skill level 8 in Spellcasting
  7470 | D:6      | Found a blossoming altar of Fedhas.
  7478 | D:6      | You are sucked into a shaft and drop 3 floors!
  7500 | D:9      | Noticed a two-headed ogre
  7505 | D:9      | Killed a two-headed ogre
  7506 | D:9      | Reached skill level 5 in Dodging
  7506 | D:9      | Reached XP level 10. HP: 35/67 MP: 0/0
  7679 | D:9      | Noticed Erolcha
  7682 | D:9      | Noticed a komodo dragon
  7704 | D:9      | Reached skill level 9 in Spellcasting
  7707 | D:9      | Killed a komodo dragon
  7713 | D:9      | Killed Erolcha
  8048 | D:8      | Reached skill level 10 in Spellcasting
  8063 | D:8      | Reached ** piety under Makhleb
  8080 | D:8      | Found a flagged portal.
  8150 | Bailey   | Entered a bailey
  8243 | Bailey   | Reached XP level 11. HP: 72/74 MP: 0/0
  8243 | Bailey   | Learned a level 5 spell: Yara's Violent Unravelling
  8842 | Bailey   | Identified the +1 robe of the Tuna {Harm rN+++ Regen+
                  | Slay-5}
  9166 | D:7      | Reached *** piety under Makhleb
  9512 | D:6      | Found a glowing silver altar of Zin.
  9512 | D:6      | Found an opulent altar of Gozag.
  9797 | D:7      | Noticed Joseph
  9806 | D:7      | Killed Joseph
  9807 | D:7      | Reached skill level 11 in Spellcasting
 10061 | D:7      | Upgraded the game from 0.29-a0-559-g359e09b9d1 to
                  | 0.29-a0-563-g64e4043184
 10130 | D:7      | Found a hide-covered altar of Uskayaw.
 10488 | D:2      | Bought a white potion for 24 gold pieces
 10488 | D:2      | Bought a scroll labelled ZOIZOY NEFAV for 27 gold pieces
 10488 | D:2      | Bought a fizzy yellow potion for 24 gold pieces
 10488 | D:2      | Bought a white potion for 24 gold pieces
 10488 | D:2      | Bought 3 scrolls labelled HERIDATSUK for 81 gold pieces
 10488 | D:2      | Bought a white potion for 24 gold pieces
 10937 | D:9      | Reached skill level 5 in Fighting
 10940 | D:9      | Reached skill level 5 in Armour
 11389 | D:9      | Noticed a five-headed hydra
 11398 | D:9      | Killed a five-headed hydra
 11399 | D:9      | Reached skill level 1 in Short Blades
 11405 | D:9      | Reached **** piety under Makhleb
 11470 | D:9      | Found a staircase to the Orcish Mines.
 11675 | Orc:1    | Entered Level 1 of the Orcish Mines
 11837 | Orc:2    | Entered Level 2 of the Orcish Mines
 11865 | Orc:2    | Noticed an orc high priest
 11870 | Orc:2    | Killed an orc high priest
 11871 | Orc:2    | Reached XP level 12. HP: 59/81 MP: 0/0
 11937 | Orc:2    | Found a staircase to the Elven Halls.
 12078 | Orc:1    | Found Xubiklet's Weapon Shop.
 12086 | Orc:1    | Reached skill level 12 in Spellcasting
 12305 | Orc:2    | Noticed an ogre mage
 12305 | Orc:2    | Noticed a two-headed ogre
 12307 | Orc:2    | Noticed a two-headed ogre
 12310 | Orc:2    | Killed a two-headed ogre
 12313 | Orc:2    | Killed an ogre mage
 12315 | Orc:2    | Killed a two-headed ogre
 12326 | Orc:2    | Reached ***** piety under Makhleb
 12344 | Orc:2    | Noticed an orc high priest
 12345 | Orc:2    | Killed an orc high priest
 12455 | Orc:2    | Noticed an orc high priest
 12459 | Orc:2    | Killed an orc high priest
 12460 | Orc:2    | Reached skill level 13 in Spellcasting
 12475 | Orc:2    | Noticed an orc high priest
 12478 | Orc:2    | Noticed a sixfirhy
 12480 | Orc:2    | Killed an orc high priest
 12494 | Orc:2    | Reached XP level 13. HP: 49/88 MP: 0/0
 12494 | Orc:2    | Learned a level 5 spell: Summon Forest
 12581 | Orc:2    | Found Xuajoly's Antique Weapon Emporium.
 12584 | Orc:2    | Found Tarahesus's Antique Armour Emporium.
 12585 | Orc:2    | Found Yrost's Antique Weapon Emporium.
 12586 | Orc:2    | Found Buloll's Armour Shoppe.
 13114 | D:2      | Bought the +3 warlock's mirror {reflect} for 800 gold
                  | pieces
 13114 | D:2      | Found the +3 warlock's mirror {reflect}
 13292 | D:10     | Entered Level 10 of the Dungeon
 13369 | D:10     | Found a staircase to the Lair.
 13404 | D:10     | Reached skill level 14 in Spellcasting
 13555 | D:10     | Identified the +0 cloak of Miracles {Str+2 Dex+4}
 13608 | D:10     | Reached skill level 1 in Shields
 13690 | D:10     | Found a broken altar of Ashenzari.
 13890 | D:10     | Found a shimmering altar of Xom.
 14090 | Lair:1   | Entered Level 1 of the Lair of Beasts
 14229 | Lair:1   | Reached ****** piety under Makhleb
 14813 | Lair:2   | Noticed a six-headed hydra
 14820 | Lair:2   | Killed a six-headed hydra
 14953 | Lair:2   | Reached XP level 14. HP: 95/96 MP: 0/0
 15034 | Lair:2   | Found a broken altar of Ashenzari.
 16182 | Lair:4   | Identified the +11 battleaxe of Punishment {venom, Str+4}
 16203 | Lair:4   | Reached skill level 15 in Spellcasting
 16257 | Lair:4   | Found a staircase to the Snake Pit.
 16359 | Lair:4   | Identified the +4 flail of the Loving Gods {flame, rF+}
 16887 | Lair:4   | Found a staircase to the Swamp.
 17586 | Lair:5   | Found a viscous altar of Jiyva.
 17586 | Lair:5   | Found a staircase to the Slime Pits.
 17916 | Lair:6   | Entered Level 6 of the Lair of Beasts
 17926 | Lair:6   | Reached skill level 16 in Spellcasting
 17926 | Lair:6   | Reached XP level 15. HP: 103/103 MP: 0/0
 17926 | Lair:6   | Learned a level 6 spell: Death Channel
 18583 | Lair:6   | Reached skill level 1 in Maces & Flails
 18626 | Lair:6   | Found the +8 mithril axe "Arga" {speed, Will+}
 19278 | D:11     | Identified a scroll of acquirement
 19413 | D:9      | Acquired 925 gold pieces
 19507 | Orc:2    | Bought a transparent cloak for 285 gold pieces
 19507 | Orc:2    | Identified the +0 cloak of Cowardice {rPois Will- Dex+4
                  | Stlth+} (You bought it in a shop on level 2 of the Orcish
                  | Mines)
 19512 | Orc:2    | Bought a translucent hand crossbow for 221 gold pieces
 19512 | Orc:2    | Identified the +4 hand crossbow of Virtue {penet, Will++}
                  | (You bought it in a shop on level 2 of the Orcish Mines)
 19512 | Orc:2    | Bought a polished hand crossbow for 221 gold pieces
 19512 | Orc:2    | Identified the +9 hand crossbow "Doasuhar" {venom, rElec}
                  | (You bought it in a shop on level 2 of the Orcish Mines)
 19776 | D:3      | Bought a potion of resistance for 130 gold pieces
 19776 | D:3      | Bought a potion of invisibility for 104 gold pieces
 19776 | D:3      | Bought a potion of mutation for 104 gold pieces
 19776 | D:3      | Bought 2 potions of heal wounds for 130 gold pieces
 19776 | D:3      | Bought a potion of curing for 39 gold pieces
 20408 | D:11     | Noticed Harold
 20416 | D:11     | Killed Harold
 20417 | D:11     | Reached skill level 17 in Spellcasting
 20880 | D:11     | Reached skill level 5 in Shields
 21003 | D:12     | Identified the +5 war axe "Dasigom" {freeze, Int+4}
 21064 | D:12     | Reached skill level 10 in Dodging
 21064 | D:12     | Reached XP level 16. HP: 106/110 MP: 0/0
 21560 | D:12     | Found Tugug's Magic Scroll Emporium.
 21568 | D:12     | Bought a scroll of identify for 24 gold pieces
 21568 | D:12     | Bought a scroll of identify for 24 gold pieces
 21568 | D:12     | Bought a scroll of identify for 24 gold pieces
 21568 | D:12     | Bought a scroll of fog for 24 gold pieces
 21568 | D:12     | Bought a scroll of teleportation for 36 gold pieces
 21910 | D:13     | Identified the +2 scale mail of Wiaguacw {rN+ Int+4 Dex+3}
 22553 | D:14     | Found a gate to the Vaults.
 22607 | D:14     | Reached skill level 1 in Axes
 22717 | D:14     | Found Baetune's Magic Scroll Boutique.
 22724 | D:14     | Bought a scroll of blinking for 120 gold pieces
 22724 | D:14     | Bought a scroll of blinking for 120 gold pieces
 22724 | D:14     | Bought a scroll of identify for 32 gold pieces
 22725 | D:14     | Bought a scroll of identify for 32 gold pieces
 22811 | D:14     | Found Inephu Qafa's Antique Armour Boutique.
 23383 | D:15     | Entered Level 15 of the Dungeon
 23422 | D:15     | Found a staircase to the Depths.
 23451 | D:15     | Identified the +1 leather armour of Liberalism {rF+ Dex-4
                  | Stlth+}
 23500 | D:15     | Reached skill level 18 in Spellcasting
 23754 | D:15     | Found Baitryg's Antique Armour Boutique.
 23755 | D:15     | Reached XP level 17. HP: 117/117 MP: 0/0
 23755 | D:15     | Learned a level 6 spell: Summon Cactus Giant
 24233 | D:15     | Found the +12 pair of quick blades "Gyre" and "Gimble"
                  | {protect}
 24595 | Snake:1  | Entered Level 1 of the Snake Pit
 25111 | Swamp:1  | Entered Level 1 of the Swamp
 25111 | Swamp:1  | You are sucked into a shaft and drop 1 floor!
 25788 | Swamp:2  | Noticed Aizul
 25803 | Swamp:2  | Killed Aizul
 26699 | Swamp:3  | Reached skill level 19 in Spellcasting
 26798 | Swamp:4  | Entered Level 4 of the Swamp
 26864 | Swamp:4  | Reached skill level 10 in Fighting
 26956 | Swamp:4  | Reached XP level 18. HP: 124/124 MP: 0/0
 27110 | Swamp:4  | Noticed the 27-headed Lernaean hydra
 27278 | Swamp:4  | Killed the 27-headed Lernaean hydra
 27536 | Swamp:4  | Got a decaying rune of Zot
 29090 | Snake:2  | Reached skill level 20 in Spellcasting
 29422 | Snake:2  | Acquired the ring "Bufuv" {rN++ Slay-6 SInv}
 30177 | Snake:3  | Found Mial's Magic Scroll Emporium.
 30188 | Snake:3  | Reached XP level 19. HP: 131/131 MP: 0/0
 30188 | Snake:3  | Learned a level 7 spell: Malign Gateway
 30204 | Snake:3  | Bought a scroll of blinking for 127 gold pieces
 30204 | Snake:3  | Bought a scroll of teleportation for 51 gold pieces
 30204 | Snake:3  | Bought a scroll of teleportation for 51 gold pieces
 30244 | Snake:3  | Found a frozen archway.
 30260 | IceCv    | Entered an ice cave
 30793 | IceCv    | Found a viscous altar of Jiyva.
 30815 | IceCv    | Got the ring "Zoppe" {rElec rC+ Will- rCorr SInv}
 31176 | Snake:3  | Reached skill level 10 in Armour
 31257 | Snake:3  | Noticed a Brimstone Fiend
 31260 | Snake:3  | Killed a Brimstone Fiend
 31721 | Snake:3  | Found Baunn's Antique Armour Shop.
 32068 | Snake:4  | Entered Level 4 of the Snake Pit
 32297 | Snake:4  | Reached skill level 21 in Spellcasting
 32338 | Snake:4  | Reached XP level 20. HP: 104/139 MP: 0/0
 33065 | Snake:4  | Got a serpentine rune of Zot
 33784 | D:15     | Bought a smoking leather armour for 287 gold pieces
 33784 | D:15     | Identified the +0 leather armour of Negligence {rPois} (You
                  | bought it in a shop on level 15 of the Dungeon)
 33881 | Vaults:1 | Entered Level 1 of the Vaults
 33910 | Vaults:1 | Noticed Zenata
 33915 | Vaults:1 | Killed from afar by Zenata

Illustrated notes

Levels and vault maps discovered:
D:1:      amcnicky_arrival_underground_garden, layout_basic, serial_shops,
          nicolae_shop_crystal, shapermc_ecumenical_altar_mp_ritualfount
D:2:      layout_loops_ring, serial_shops, nicolae_square_shop,
          nicolae_diamond_shop, shop, nicolae_lakefront_shop,
          minmay_lizard_king, uniq_robin, uniq_sigmund
D:3:      minmay_wonky_spiral, layout_basic, nicolae_ru_awakened_eye,
          mainiacjoe_overflow_cross_hatched, nicolae_dithmenos_the_darkroom,
          serial_shops, shop, amcnicky_mini_corridor_feature,
          minmay_misc_feat_more_columns, uniq_ijyb
D:4:      layout_basic, lemuel_tele_altar, uniq_eustachio
D:5:      layout_loops_ring, corexii_corridor_pit, uniq_edmund
D:6:      layout_basic, grunt_temple_overflow_gold_and_silver, fedhas_altar_3,
          mainiacjoe_overflow_24_doors, minmay_temple_entry_gardened_gates,
          ebering_ghost_reflecting_pool, minmay_misc_feat_tiny, uniq_pikel
D:7:      layout_rooms, nicolae_uskayaw_dance_studio, water_boxes_lemuel,
          uniq_joseph
D:8:      layout_rooms, enter_bailey_7, feat_on_display
D:9:      layout_rooms, erik_orc_1, uniq_erolcha
D:10:     layout_irregular_city, ashenzari_conservatory_becter,
          general_overflow_altar, david_lair_generic, bh_walls_and_bars
D:11:     layout_basic, vehumet_statue, uniq_harold
D:12:     layout_loops_ring, serial_shops, shop_scrolls
D:13:     layout_basic, serial_glass, glass_columns_b, glass_columns_a,
          glass_columns_a, glass_columns_a, minmay_strange_pillars,
          minmay_strange_pillars
D:14:     layout_basic, erik_vaults_2, serial_shops, shop_scrolls,
          nicolae_shop_stone, minmay_misc_feat_rows
D:15:     gammafunk_depths_entry_grave, layout_stronghold, serial_glass,
          glass_columns_a, glass_columns_a, glass_columns_c, glass_columns_a,
          serial_shops, nicolae_shop_stone,
          hellmonk_guarded_unrand_gyre_and_gimble
Lair:1:   layout_misc_corridors
Lair:2:   layout_cave_shapes, lemuel_centaur_altar
Lair:3:   layout_regular_city
Lair:4:   layout_roguey, nicolae_swamp_entry_splash_gauntlet,
          minmay_snake_entry_guardpost_small, serial_bayou_pond_b,
          chequers_serial_rivers_marsh, serial_bayou_shore_a
Lair:5:   layout_roguey, dpeg_slime_entry_enclosed_altar
Lair:6:   grunt_lair_end_beastmaster, layout_layer_cave,
          nicolae_quartered_pool_little, serial_bayou_shore_b,
          lemuel_fruit_fields, lemuel_fruit_tree, grunt_megastairs_3
Swamp:1:  layout_basic_swamp, infiniplex_staircase_pool
Swamp:2:  layout_falls_marsh, evilmike_swamp_ruin_house_5,
          infiniplex_staircase_pool_2, uniq_aizul
Swamp:3:  layout_falls_marsh, nicolae_swamp_decorative_isthmus
Swamp:4:  swamp_basic_johnstein, layout_basic_swamp
Snake:1:  layout_layer_cave
Snake:2:  layout_concentric_octagons, grunt_megastairs_1
Snake:3:  layout_layer_cave, serial_shops, nicolae_stop_n_shop_2, shop,
          portal_ice_cave_entry_frozen_things, grunt_megastairs_2
Snake:4:  johnstein_snake_rune_scales, layout_misc_corridors,
          grunt_ministairs_14
Orc:1:    layout_caves, serial_shops, shop
Orc:2:    st_orc_pillars, layout_diamond_mine
Vaults:1: biasface_ghost_orc_armoury, hangedman_vaults_river_flow, kb_rosetta,
          v_pattern_1, hangedman_vaults_capsules, hangedman_vaults_restitches,
          ontoclasm_vaults_tryst, nicolae_vaults_circle_grid_b,
          vaults_standard_mumra_lines, nicolae_vaults_diagonal_hallway_8,
          ontoclasm_vaults_chip, nicolae_vaults_little_squares_2,
          ontoclasm_vaults_decontamination, layout_vaults_ring, uniq_zenata

Skill      XL: |  1  2  3  4  5  6  7  8  9 10 11 12 13 14 15 16 17 18 19 20 |
---------------+-------------------------------------------------------------+-----
Spellcasting   | 3 4 5 7 8 10 11 13 14 16 17 18 19 20 21 | 21.4
Stealth        | 2 3 |  3.9
Fighting       | 1 2 3 4 5 6 7 8 9 10 11 | 11.1
Dodging        | 3 4 5 6 7 8 9 10 11 12 | 12.5
Armour         | 2 3 4 5 6 7 8 9 10 | 10.5
Short Blades   | 1 |  1.2
Shields        | 2 4 5 6 7 8 9 |  9.1
Maces & Flails | 1 |  1.1
Axes           | 1 2 |  2.1
Staves         | |  0.4
Evocations     | |  0.6

Action                   |  1- 3 |  4- 6 |  7- 9 | 10-12 | 13-15 | 16-18 | 19-21 || total
-------------------------+-------+-------+-------+-------+-------+-------+-------++-------
Melee: Dagger            |     8 |     5 |    26 |    25 |     6 |       |       ||    70
       Unarmed           |     1 |       |       |       |       |       |       ||     1
       Punch             |       |       |     1 |       |       |       |       ||     1
       Flail             |       |       |       |       |     8 |       |       ||     8
       War axe           |       |       |       |       |       |    33 |    12 ||    45
       Staff             |       |       |       |       |       |     5 |     6 ||    11
 Fire: Hand crossbow     |       |       |       |       |       |     2 |       ||     2
 Cast: Foxfire           |    38 |    31 |    27 |   154 |   292 |   355 |   129 ||  1026
       Scorch            |    16 |    37 |    81 |    82 |   147 |   237 |   142 ||   742
       Inner Flame       |       |     3 |     6 |    28 |   128 |   215 |    39 ||   419
       Call Imp          |       |       |     7 |       |     1 |     3 |     1 ||    12
       Static Discharge  |       |       |     5 |     2 |     1 |     2 |       ||    10
       Flame Wave        |       |       |     2 |    19 |    20 |    50 |    13 ||   104
       Olgreb's Toxic Ra |       |       |     2 |    51 |    59 |    49 |     8 ||   169
       Yara's Violent Un |       |       |       |     4 |     4 |    13 |    13 ||    34
       Summon Forest     |       |       |       |       |     1 |     4 |    13 ||    18
       Death Channel     |       |       |       |       |     1 |       |     3 ||     4
       Summon Cactus Gia |       |       |       |       |       |     8 |    17 ||    25
       Malign Gateway    |       |       |       |       |       |       |     2 ||     2
Evoke: Wand              |       |       |     1 |     1 |     1 |     1 |       ||     4
  Use: Potion            |       |       |     1 |       |       |     1 |     4 ||     6
       Scroll            |       |       |       |     8 |    13 |    10 |     5 ||    36
 Stab: Sleeping          |     1 |     1 |     5 |     1 |     1 |     1 |       ||    10
       Distracted        |       |       |       |       |       |     1 |     1 ||     2
Armor: Robe              |     2 |     4 |       |       |       |       |       ||     6
       Leather armour    |       |       |    11 |    12 |       |       |       ||    23
       Skin              |       |       |     2 |       |       |       |       ||     2
       Ring mail         |       |       |       |    26 |    68 |   111 |    53 ||   258
Dodge: Dodged            |    12 |    12 |    32 |    69 |    83 |   152 |    80 ||   440
Block: Buckler           |       |       |       |       |    76 |   110 |    76 ||   262
       Reflection        |       |       |       |       |    10 |    19 |    13 ||    42

Table legend: (Time is in decaauts)
 A = Elapsed time spent in this place.
 B = Non-inter-level travel time spent in this place.
 C = Inter-level travel time spent in this place.
 D = Time resting spent in this place.
 E = Time spent auto-exploring this place.
 F = Levels seen in this place.
 G = Mean time per level.
                   A        B        C        D        E       F      G
               +--------+--------+--------+--------+--------+-----+--------+
         Total |  33958 |  30213 |   3745 |   1384 |  22850 |  34 |  998.8 |
       Dungeon |  17761 |  15356 |   2405 |    521 |  12395 |  15 | 1184.1 |
          Lair |   5503 |   4874 |    629 |     69 |   3903 |   6 |  917.2 |
         Swamp |   2619 |   2439 |    180 |     65 |   1691 |   4 |  654.8 |
     Snake Pit |   5081 |   4750 |    331 |      0 |   3722 |   4 | 1270.2 |
  Orcish Mines |   1380 |   1181 |    199 |      0 |    895 |   2 |  690.0 |
        Vaults |     33 |     33 |      0 |      0 |      3 |   1 |   33.0 |
        Bailey |    939 |    939 |      0 |    615 |     22 |   1 |  939.0 |
      Ice Cave |    638 |    638 |      0 |    114 |    219 |   1 |  638.0 |
               +--------+--------+--------+--------+--------+-----+--------+

Top non-repeatable levels by time:
     D:9: 1834 daAuts
     D:6: 1623 daAuts
     D:1: 1622 daAuts
     D:2: 1472 daAuts
 Snake:1: 1447 daAuts
 Snake:3: 1404 daAuts
     D:4: 1384 daAuts
     D:5: 1223 daAuts
  Lair:6: 1203 daAuts
     D:7: 1189 daAuts
 Snake:2: 1165 daAuts
  Lair:4: 1120 daAuts
    D:15: 1107 daAuts
 Snake:4: 1064 daAuts
   Orc:2: 1042 daAuts
